 Dungeon Crawl Stone Soup version 0.25-a0-253-g6f1b5d974a (webtiles) character file.

Game seed: 7522161037845769261, levelgen mode: deterministic

58 night the Firebug (level 3, 0/36 HPs)
             Began as a Demonspawn Fire Elementalist on Dec 5, 2019.
             Slain by a bullfrog skeleton (1 damage)
             ... on level 2 of the Dungeon.
             The game lasted 00:04:22 (1686 turns).

night the Firebug (Demonspawn Fire Elementalist)    Turns: 1686, Time: 00:04:23

Health: 0/36       AC:  2    Str: 10 (13) XL:     3   Next: 76%
Magic:  1/6        EV: 12    Int: 16 (17) God:
Gold:   73         SH:  0    Dex: 10 (13) Spells: 5/6 levels left

rFire    . . .     SeeInvis .   (no weapon)
rCold    . . .     Gourm    .   (no shield)
rNeg     . . .     Faith    .   a - +0 robe
rPois    .         Spirit   .   (no helmet)
rElec    .         Reflect  .   (no cloak)
rCorr    .         Harm     .   (no gloves)
MR       .....                  (no boots)
Stlth    ..........             (no amulet)
HPRegen  0.12/turn              (no ring)
MPRegen  0.10/turn              (no ring)

@: berserking, very slightly contaminated, very quick
A: claws 1
a: no special abilities


You were on level 2 of the Dungeon.
You were not hungry.

You visited 1 branch of the dungeon, and saw 2 of its levels.

You collected 73 gold pieces.

Inventory:

Missiles
 e - 48 stones (quivered)
Armour
 a - a +0 robe (worn)
Scrolls
 b - 2 scrolls of teleportation {unknown}
 f - a scroll of remove curse {unknown}
Potions
 d - a potion of degeneration
 g - a potion of curing {unknown}
 i - a potion of berserk rage
 j - a potion of brilliance {unknown}
Comestibles
 c - 4 rations


   Skills:
 - Level 1.7 Dodging
 - Level 1.7 Stealth
 + Level 2.4 Spellcasting
 * Level 2.3 Conjurations
 * Level 3.4 Fire Magic


You had 5 spell levels left.
You knew the following spells:

 Your Spells              Type           Power        Failure   Level  Hunger
a - Foxfire               Conj/Fire      ##..         6%          1    #......

Your spell library contained the following spells:

 Spells                   Type           Power        Failure   Level  Hunger
 Conjure Flame            Conj/Fire      ##......     19%         3    ###....
 Inner Flame              Hex/Fire       #.......     30%         3    ###....
 Sticky Flame             Conj/Fire      ##......     52%         4    #####..
 Fireball                 Conj/Fire      ##........   86%         5    ######.


Dungeon Overview and Level Annotations

Branches:
Dungeon (2/15)

Altars:


Innate Abilities, Weirdness & Mutations

You have sharp fingernails.


Message History

Confirm with . or Enter, or press ? or * to list all spells.
You conjure some foxfire!
The bat barely misses you. The bullfrog skeleton hits you.
The foxfire hits the bat.
The bat is moderately wounded.
The foxfire hits the bat.
You kill the bat!
The bullfrog skeleton hits you!
* * * LOW HITPOINT WARNING * * *
The bullfrog skeleton hits you.
* * * LOW HITPOINT WARNING * * *
It was a potion of degeneration.
There was something very wrong with that liquid.
You feel weakened.
You feel dopey.
You feel clumsy.
The bullfrog skeleton closely misses you.
It was a potion of berserk rage.
A red film seems to cover your vision as you go berserk!
You feel yourself moving faster!
You feel mighty! The bullfrog skeleton hits you.
You die...

##.######...
...?......
#........##.
#......%.?. .
.###.......?##..#
.................
#..!Z....# ..#
#..†@....# ..#
.#........##..###..
............<........
...#........##..###..
## #.######..........
>).................
#.#.................
.. .#.#######.##...#
# .# #.#


You could see a bullfrog skeleton.

Vanquished Creatures
  A gnoll (D:1)
  An adder (D:2)
  A dart slug (D:1)
  A leopard gecko (D:1)
  6 giant cockroaches (D:1)
  6 goblins (D:1)
  4 hobgoblins
  5 kobolds (D:1)
  5 bats
  A frilled lizard (D:1)
  3 rats (D:1)
34 creatures vanquished.

Vanquished Creatures (others)
  95 foxfires
95 creatures vanquished.

Grand Total: 129 creatures vanquished

Notes
Turn   | Place    | Note
-------+----------+-------------------------------------------
     0 | D:1      | night the Demonspawn Fire Elementalist began the quest for
                  | the Orb.
     0 | D:1      | Reached XP level 1. HP: 13/13 MP: 3/3
   264 | D:1      | Gained mutation: You have sharp fingernails. [demonic
                  | ancestry]
   264 | D:1      | Reached XP level 2. HP: 19/19 MP: 1/5
   356 | D:1      | Reached skill level 3 in Fire Magic
   936 | D:1      | Reached XP level 3. HP: 19/24 MP: 1/6
  1684 | D:2      | HP: 1/24 [bullfrog skeleton (6)]
  1686 | D:2      | Slain by a bullfrog skeleton

Levels and vault maps discovered:
D:1:      dpeg_arrival_prison, layout_basic, kennysheep_boxes
D:2:      layout_basic, first_ration, uniq_sigmund

Skill      XL: |  1  2 |
---------------+-------+-----
Fire Magic     | 3 |  3.4
Conjurations   | 2 |  2.3
Dodging        | |  1.7
Stealth        | |  1.7
Spellcasting   | |  2.4

Action                   || total
-------------------------++-------
Melee: Unarmed           ||    41
Throw: Stone             ||     3
 Cast: Foxfire           ||    55
  Use: Potion            ||     2
  Eat: Chunk             ||     3
Armor: Robe              ||    21
Dodge: Dodged            ||    66

Table legend:
 A = Non-vault XP
 B = Vault XP
 C = Vault XP percentage of total XP
 D = Non-vault monster count
 E = Vault monster count
 F = Vault count percentage of total count
                 A         B        C        D         E       F
            +---------+---------+-------+---------+---------+-------
      Total |      82 |       2 |   2.4 |      33 |       1 |   2.9
            +---------+---------+-------+---------+---------+-------
        D:1 |      64 |       2 |   3.0 |      30 |       1 |   3.2
        D:2 |      18 |       0 |   0.0 |       3 |       0 |   0.0
            +---------+---------+-------+---------+---------+-------
